 Dungeon Crawl Stone Soup version 0.30-a0-540-g0af01429fa (webtiles) character file.

Game seed: 8503045731079027161

1802 Jase the Sneak (level 9, -2/93 HPs)
             Began as an Octopode Transmuter on Dec 26, 2022.
             Was a Priest of Trog.
             Slain by a gnoll
             ... wielding a +0 club
             ... led by a gnoll bouda
              (8 damage)
             ... on level 5 of the Dungeon.
             The game lasted 00:17:14 (4061 turns).

Jase the Sneak (Octopode Transmuter)                Turns: 4061, Time: 00:17:15

Health: -2/93      AC: -5    Str: 13    XL:     9   Next: 9%
Magic:  0/12       EV: 14    Int: 15    God:    Trog [***...]
Gold:   182        SH:  0    Dex: 13    Spells: 11/12 levels left

rFire   . . .      SeeInvis +    a - +1 short sword (venom)
rCold   . . .      Faith    .    (no shield)
rNeg    . . .      Spirit   +    j - +2 hat of Noyk {rPois Will+}
rPois   +          Reflect  .    f - amulet of guardian spirit
rElec   .          Harm     .    e - ring of see invisible
rCorr   .          Rampage  .    (no ring)
Will    +++..                    (no ring) Stlth
                                 (no ring)
HPRegen 1.35/turn                (no ring)
MPRegen 0.13/turn                (no ring)
                                 (no ring)
                                 (no ring)

@: berserking, strong-willed, corroded, regenerating, very quick
A: almost no armour, amphibious, 8 rings, camouflage 1, gelatinous body 1,
(nimble swimmer 1), tentacles
a: Renounce Religion, Berserk, Trog's Hand


You were on level 5 of the Dungeon.
You worshipped Trog.
Trog was most pleased with you.
You visited 1 branch of the dungeon, and saw 5 of its levels.

You collected 182 gold pieces.

Inventory:

Hand Weapons
 a - a +1 short sword of venom (weapon)
Missiles
 b - 25 stones (quivered)
 i - 19 poisoned darts
 p - 3 boomerangs
 r - 3 boomerangs of dispersal
 u - a throwing net
Armour
 j - the +2 hat of Noyk (worn) {rPois Will+}
   (You found it on level 3 of the Dungeon)

   rPois:     It protects you from poison.
   Will:      It increases your willpower.
Jewellery
 e - a ring of see invisible (left tentacle)
 f - an amulet of guardian spirit (around mantle)
Wands
 q - a wand of paralysis (3)
Scrolls
 c - 2 scrolls of torment {unknown}
 g - 3 scrolls of identify {unknown}
 l - a scroll of teleportation {unknown}
 s - a scroll of enchant armour {unknown}
 t - a scroll of fog {unknown}
Potions
 d - a potion of magic {unknown}
 h - 3 potions of curing {unknown}
 k - 2 potions of flight {unknown}
 m - a potion of heal wounds {unknown}
 n - 3 potions of lignification
 o - a potion of brilliance {unknown}


   Skills:
 + Level 5.7 Fighting
 + Level 3.6 Short Blades
 - Level 5.0 Dodging
 + Level 7.9 Stealth
 - Level 6.0 Unarmed Combat
 - Level 2.0 Spellcasting
 - Level 2.3 Transmutations


You had 11 spell levels left.
You knew the following spells:

 Your Spells              Type           Power      Damage    Failure   Level
a - Beastly Appendage     Tmut           16%        N/A       9%          1

Your spell library contained the following spells:

 Spells                   Type           Power      Damage    Failure   Level
 Wereblood                Tmut           8%         N/A       13%         2
 Foxfire                  Conj/Fire      4%         2x1d4     22%         1
 Necrotise                Necr           4%         1d4       22%         1
 Spider Form              Tmut/Pois      4%         N/A       38%         3
 Vampiric Draining        Necr           1%         2d6       54%         3
 Ice Form                 Ice/Tmut       4%         N/A       80%         4
 Agony                    Necr           1%         N/A       99%         5


Dungeon Overview and Level Annotations

Branches:
Dungeon (5/15)             Temple (0/1) D:5

Altars:
Nemelex Xobeh
Trog
Wu Jian

Shops:
D:2 [


Innate Abilities, Weirdness & Mutations

You cannot wear most types of armour.
You are amphibious.
You can wear up to eight rings at the same time.
Your skin changes colour to match your surroundings (Stealth+).
Your rubbery body absorbs attacks. (AC +1, EV +1)
((You are camouflaged when in or above water. (Stealth+)))
You have tentacles for arms and can constrict up to eight enemies at once.


Message History

The jelly hits you.
* * * LOW HITPOINT WARNING * * *
You are splashed with acid!
* * * LOW HITPOINT WARNING * * *
Your skin crawls.
You feel strong-willed. The jelly barely misses you.
The gnoll barely misses you.
A red film seems to cover your vision as you go berserk!
You feel yourself moving faster!
You feel mighty! The jelly barely misses you. The gnoll completely misses you.
You hit the jelly.
Your tentacles burn!
* * * LOW HITPOINT WARNING * * *
The jelly is heavily wounded.
The jelly closely misses you.
You hit the jelly.
Your tentacles burn!
* * * LOW HITPOINT WARNING * * *
You squeeze the jelly.
The jelly is severely wounded.
You puncture the jelly!
You kill the jelly!
Trog accepts your kill. The gnoll barely misses you.
The gnoll hits you with a +0 club.
* * * LOW HITPOINT WARNING * * *
You puncture the gnoll!
The gnoll is poisoned.
Your grab misses the gnoll. Your squeeze misses the gnoll.
The gnoll is severely wounded.
You closely miss the gnoll. You grab the gnoll.
You tentacle-slap the gnoll, but do no damage.
You squeeze the gnoll.
You kill the gnoll!
Trog accepts your kill. The gnoll hits you with a +0 club!
* * * LOW HITPOINT WARNING * * *
The gnoll barely misses you.
You hit the gnoll.
The gnoll is poisoned.
You grab the gnoll. You squeeze the gnoll!
The gnoll is almost dead.
You constrict the gnoll. The gnoll closely misses you.
The gnoll hits you with a +0 club!
You die...

.........................# #....
...##.........#####..##.######.g.
..##....)......).....(..)..g.....
####...).....#######.##.#........
#..........######....#####....
#............##...#..# ##^..
#....#....##.#.......# #...
#####.......###))g......## #...
..####.#.#.####.@g......)# ####
#........[.............#.#
#.#...#.#.#...##.......#..#
....#.......#..........##...
#.#...#.>.#...#.)......####.
....#..)))..#..........>..
......#.#.#...###..........
.....†..)....#####......###
.....#.#.#........#####...


You could see 2 gnolls.

Vanquished Creatures
  Pikel (D:4)
  Grinder (D:4)
  Sigmund (D:3)
  An ice beast (D:5)
  A black bear (D:4)
  A lemure (D:4)
  Blork the orc (D:4)
  A necrophage (D:5)
  A scorpion (D:5)
  A howler monkey (D:5)
  3 hounds
  2 jellies (D:5)
  An orc priest (D:5)
  4 iguanas
  An orc wizard (D:5)
  Robin (D:3)
  5 adders
  10 gnolls
  An ufetubus (D:4)
  2 worms
  2 dart slugs
  20 orcs
  5 endoplasms
  6 giant cockroaches
  17 goblins
  4 hobgoblins
  4 jackals (D:4)
  6 kobolds
  5 quokkas
  6 ball pythons
  4 bats
  3 frilled lizards
  3 rats
125 creatures vanquished.

Notes
Turn   | Place    | Note
-------+----------+-------------------------------------------
     0 | D:1      | Jase the Octopode Transmuter began the quest for the Orb.
     0 | D:1      | Reached XP level 1. HP: 13/13 MP: 3/3
   155 | D:1      | Reached XP level 2. HP: 18/18 MP: 3/5
   383 | D:1      | Found a faded altar of an unknown god.
   386 | D:1      | Got Plato's Compendium of Conflagration
   387 | D:1      | Prayed at the altar of an unknown god.
   387 | D:1      | Became a worshipper of Trog the Wrathful
   387 | D:1      | Reached * piety under Trog
   544 | D:1      | Reached skill level 1 in Stealth
   544 | D:1      | Reached XP level 3. HP: 19/23 MP: 6/6
   995 | D:2      | Found Ushror's Antique Armour Shoppe.
  1121 | D:2      | Reached XP level 4. HP: 29/29 MP: 7/7
  1129 | D:2      | Reached skill level 2 in Stealth
  1221 | D:2      | Reached ** piety under Trog
  1469 | D:3      | Identified the +1 pair of gloves "Mugigacs" {rPois Str+3}
  1556 | D:3      | Identified the +2 hat of Noyk {rPois Will+}
  1633 | D:3      | Found an ornate altar of the Wu Jian Council.
  1661 | D:3      | Noticed Robin
  1742 | D:3      | Reached XP level 5. HP: 25/34 MP: 6/8
  1969 | D:3      | Killed Robin
  2006 | D:3      | Found a sparkling altar of Nemelex Xobeh.
  2007 | D:3      | Noticed Sigmund
  2012 | D:3      | Killed Sigmund
  2013 | D:3      | Reached skill level 3 in Stealth
  2013 | D:3      | Reached XP level 6. HP: 41/41 MP: 6/9
  2288 | D:4      | Reached skill level 4 in Stealth
  2300 | D:4      | Identified the +0 ring mail of Jigsaw {rPois Int+3}
  2509 | D:4      | Noticed Grinder
  2947 | D:4      | Noticed a black bear
  2952 | D:4      | Killed a black bear
  2953 | D:4      | Reached XP level 7. HP: 46/46 MP: 8/10
  3094 | D:4      | Noticed Blork the orc
  3101 | D:4      | Killed Blork the orc
  3102 | D:4      | Reached skill level 5 in Stealth
  3154 | D:4      | Killed Grinder
  3155 | D:4      | Reached skill level 5 in Unarmed Combat
  3186 | D:4      | Noticed Pikel
  3202 | D:4      | Killed Pikel
  3203 | D:4      | Reached skill level 1 in Short Blades
  3203 | D:4      | Reached skill level 5 in Dodging
  3203 | D:4      | Reached skill level 6 in Stealth
  3203 | D:4      | Reached XP level 8. HP: 51/54 MP: 7/11
  3434 | D:5      | Entered Level 5 of the Dungeon
  3550 | D:5      | Found a staircase to the Ecumenical Temple.
  3592 | D:5      | Reached skill level 5 in Fighting
  3663 | D:5      | Reached skill level 7 in Stealth
  3666 | D:5      | Reached *** piety under Trog
  3973 | D:5      | Reached XP level 9. HP: 61/61 MP: 12/12
  4061 | D:5      | Slain by a gnoll

Illustrated notes

Levels and vault maps discovered:
D:1:      nicolae_arrival_washed_ashore, layout_basic,
          shapermc_ecumenical_altar_rom_forum
D:2:      layout_rooms, serial_shops, shop
D:3:      layout_rooms, mainiacjoe_overflow_brackets,
          mainiacjoe_overflow_six_doors_small, kennysheep_doodads, uniq_sigmund,
          uniq_robin
D:4:      layout_loops_ring, uniq_pikel, uniq_grinder, uniq_blork_the_orc
D:5:      layout_rooms, minmay_temple_entry_sparse_star,
          kennysheep_generic_room_10

Skill      XL: |  1  2  3  4  5  6  7  8 |
---------------+-------------------------+-----
Stealth        | 1 2 3 4 6 7 |  7.9
Fighting       | 2 3 4 5 |  5.7
Dodging        | 3 4 5 |  5.0
Unarmed Combat | 4 5 6 |  6.0
Short Blades   | 1 3 |  3.6
Spellcasting   | |  2.0
Transmutations | |  2.3

Action                   |  1- 3 |  4- 6 |  7- 9 || total
-------------------------+-------+-------+-------++-------
Melee: Unarmed           |    63 |   120 |    84 ||   267
       Constrict         |    16 |    26 |    33 ||    75
       Tentacles         |    14 |    25 |    45 ||    84
       Kick              |     3 |       |       ||     3
       Punch             |     1 |     2 |     6 ||     9
       Short sword       |       |       |    39 ||    39
Throw: Stone             |     1 |     3 |       ||     4
 Cast: Beastly Appendage |     6 |       |       ||     6
Invok: Berserk           |     1 |     2 |     3 ||     6
       Trog's Hand       |       |       |     2 ||     2
 Stab: Sleeping          |     7 |    12 |     3 ||    22
       Distracted        |       |       |     1 ||     1
Armor: Skin              |     6 |    19 |    10 ||    35
Dodge: Dodged            |    28 |    72 |    52 ||   152

Table legend: (Time is in decaauts)
 A = Elapsed time spent in this place.
 B = Non-inter-level travel time spent in this place.
 C = Inter-level travel time spent in this place.
 D = Time resting spent in this place.
 E = Time spent auto-exploring this place.
 F = Levels seen in this place.
 G = Mean time per level.
                   A        B        C        D        E       F      G
               +--------+--------+--------+--------+--------+-----+--------+
         Total |   4081 |   3771 |    310 |    673 |   1994 |   5 |  816.2 |
       Dungeon |   4081 |   3771 |    310 |    673 |   1994 |   5 |  816.2 |
               +--------+--------+--------+--------+--------+-----+--------+

Top non-repeatable levels by time:
     D:4: 1184 daAuts
     D:3: 893 daAuts
     D:1: 774 daAuts
     D:2: 706 daAuts
     D:5: 523 daAuts
